 Dungeon Crawl Stone Soup version 0.16.2-12-gd0ad4c3 (webtiles) character file.

19160 faibistes the Thaumaturge (level 12, -3/67 HPs)
             Began as a Deep Elf Wizard on Sept 8, 2018.
             Was the Champion of Sif Muna.
             Slain by a death yak (22 damage)
             ... on level 4 of the Lair of Beasts.
             The game lasted 01:01:55 (24845 turns).

faibistes the Thaumaturge (Deep Elf Wizard)        Turns: 24845, Time: 01:01:55

Health: -3/67      AC:  8    Str:  4    XL:     12   Next: 34%
Magic:  35/35      EV: 16    Int: 29    God:    Sif Muna [******]
Gold:   389        SH:  0    Dex: 13    Spells: 7 memorised, 19 levels left

rFire  + . .     SeeInvis .     w - +4 dagger (venom)
rCold  + . .     Clarity  .     H - +1 robe {rC+}
rNeg   . . .     SustAb   .     (no shield)
rPois  .         Gourm    .     b - +1 hat
rElec  .         Spirit   .     z - +0 cloak
rCorr  .         Warding  .     D - +2 pair of gloves
rMut   .         Stasis   .     (no boots)
MR     +....                    (no amulet)
Stlth  +++.......               F - ring of protection from fire
                                s - ring of stealth

@: repel missiles, somewhat resistant to hostile enchantments, fairly stealthy
A: no striking features
a: Channel Energy, Forget Spell, Renounce Religion


You were on level 4 of the Lair of Beasts.
You worshipped Sif Muna.
Sif Muna was exalted by your worship.
You were not hungry.

You visited 3 branches of the dungeon, and saw 15 of its levels.

You collected 1039 gold pieces.
You spent 650 gold pieces at shops.

Inventory:

Hand weapons
 h - a +0 club
 k - a +0 dagger
 w - a +4 dagger of venom (weapon)
Armour
 b - a +1 hat (worn)
 z - a +0 cloak (worn)
 D - a +2 pair of gloves (worn)
 H - a +1 robe of cold resistance (worn)
Jewellery
 q - the amulet of Lonoleps {Stasis rF+ rC+ rN+ Int-4 Stlth-}
   (You took it off a kobold on level 9 of the Dungeon)

   [amulet of stasis]

   It prevents you from being teleported, slowed, hasted or paralysed.
   It affects your intelligence (-4).
   It protects you from fire.
   It protects you from cold.
   It protects you from negative energy.
   It makes you less stealthy.
 s - a ring of stealth (left hand)
 F - a ring of protection from fire (right hand)
Magical devices
 c - a wand of disintegration (8)
 f - a wand of magic darts (18)
 g - a wand of flame (25)
 u - a wand of disintegration (6)
 y - a wand of magic darts (26)
 E - a wand of fireball (0)
 L - a wand of random effects (33)
 M - a wand of polymorph (16)
 N - a wand of disintegration (11)
Scrolls
 e - 3 scrolls of remove curse
 l - 4 scrolls of fear
 n - 6 scrolls of teleportation
 C - 3 scrolls of blinking
Potions
 a - a potion of ambrosia
 j - 3 potions of brilliance
 o - a potion of flight {unknown}
 p - 4 potions of might
 r - a potion of cure mutation {unknown}
 t - 2 potions of restore abilities
 v - 2 potions of invisibility
 x - a potion of haste
 B - 4 potions of agility
 I - a potion of lignification
 J - a potion of magic {unknown}
Books
 G - a book of Dreams

   Spells                             Type                      Level
   a - Ensorcelled Hibernation        Hexes/Ice                    2
   b - Flight                         Charms/Air                   3
   c - Phase Shift                    Translocation                5
   d - Shadow Creatures               Summoning                    5
   e - Mass Confusion                 Hexes                        6
   f - Darkness                       Hexes                        7
Comestibles
 d - 4 bread rations
 i - 3 meat rations
 m - 4 slices of pizza


   Skills:
 + Level 4.3 Fighting
 + Level 8.2 Dodging
 - Level 2.4 Stealth
 * Level 12.8 Spellcasting
 + Level 7.6 Conjurations
 + Level 7.2 Charms
 - Level 4.1 Summonings
 - Level 4.7 Necromancy
 + Level 5.0 Translocations
 * Level 7.8 Fire Magic
 - Level 3.8 Air Magic
 - Level 2.4 Poison Magic
 * Level 6.3 Invocations
 + Level 6.2 Evocations


You had 19 spell levels left.
You knew the following spells:

 Your Spells              Type           Power        Failure   Level  Hunger
a - Magic Dart            Conj           ####         1%          1    None
b - Conjure Flame         Conj/Fire      ######..     1%          3    None
c - Call Imp              Summ           #####...     1%          2    None
d - Blink                 Tloc           N/A          1%          2    None
e - Mephitic Cloud        Conj/Pois/Air  #####...     1%          3    None
f - Repel Missiles        Chrm/Air       ######       1%          2    None
g - Animate Dead          Necr           N/A          6%          4    None


Dungeon Overview and Level Annotations

Branches:
Dungeon (10/15)            Temple (1/1) D:4            Lair (4/8) D:9
  Snake (0/5) Lair:3
  Swamp: Lair:3-6    Shoals: Lair:3-6       Orc: D:9-12

Altars:
Ashenzari
Cheibriados
Dithmenos
Elyvilon
Fedhas
Gozag
Kikubaaqudgha
Makhleb
Nemelex Xobeh
Okawaru
Qazlal
Ru
Sif Muna
Trog
Vehumet
Xom
Yredelemnul
Zin
The Shining One

Shops:
D:5 [   D:7 ?

Annotations:
D:8 exclusion: 2 oklob saplings


Message History

HP restored.
Casting: Conjure Flame
Confirm with . or Enter, or press ? or * to list all spells.
You call on the dead to rise...
The dead are flying!
You swap places.
Things that are here:
a short sword; a robe You swap places.
There is a stone staircase leading down here.
You start resting.
Magic restored.
You climb downwards.
Your mindless thralls stay behind.
The death yak misses you. The death yak completely misses you.
The death yak closely misses you. The death yak gores you!
There is a stone staircase leading up, spattered with blood here.
Unknown command.
The death yak gores you!! x2
* * * LOW HITPOINT WARNING * * *
The death yak gores you!!
You die...

#.# ... # #.# #
... ... ... #.#
#$# #.#
......... .
P.#.#.#.#.#.#.#
... #
#....YYY.......
....# #@#
#.....
#...........
....#
......P......
......##...##P.
# #..... #.[..
..P ..... .....
.... ... ....
...... .. ...
..... .###


You could see 3 death yaks.

Vanquished Creatures
  A hydra (Lair:1)
  2 black mambas
  3 spiny frogs
  7 komodo dragons
  A hydra zombie (Lair:3)
  A troll (D:9)
  A fire drake (Lair:2)
  A basilisk (Lair:2)
  12 yaks
  5 hippogriffs
  Grum (D:9)
  2 wolves (D:9)
  2 nagas (Lair:3)
  9 water moccasins
  5 porcupines
  2 wasps
  A necrophage (D:9)
  An orc warrior (D:8)
  A black bear (Lair:3)
  5 ogres
  An ice beast (D:8)
  3 phantoms
  2 centaurs
  4 big kobolds
  3 crocodiles
  14 giant frogs
  4 wandering mushrooms (D:8)
  3 jellies
  2 water moccasin zombies
  12 killer bees
  8 wights
  6 crimson imps
  A giant frog zombie (D:5)
  5 lava snakes (Lair:3)
  7 hounds
  Crazy Yiuf (D:4)
  3 orc priests
  A centaur skeleton (D:9)
  8 iguanas
  15 worker ants
  9 orc wizards
  A naga zombie (Lair:3)
  6 sheep (Lair:1)
  Jessica (D:2)
  2 hound zombies
  A hound skeleton (D:4)
  14 adders
  21 river rats
  A gnoll (D:3)
  4 shadow imps
  4 worms
  6 giant geckos
  20 orcs
  A ball python (D:2)
  2 bat skeletons (D:4)
  A bat zombie (D:8)
  6 giant cockroaches
  20 goblins
  21 hobgoblins
  24 jackals
  2 oozes
  6 quokkas
  6 river rat zombies
  17 bats
  A giant gecko skeleton (D:4)
  3 giant newts
  A giant spore (D:6)
  54 kobolds
  13 rats
434 creatures vanquished.

Vanquished Creatures (collateral kills)
  A hydra (Lair:3)
  2 death yaks (Lair:3)
  A naga ritualist (Lair:3)
  2 molten gargoyles (Lair:3)
  2 black mambas (Lair:3)
  A komodo dragon (Lair:3)
  3 fire drakes
  A hippogriff (Lair:3)
  4 yaks (Lair:3)
  2 water moccasins
  3 nagas (Lair:3)
  A porcupine (Lair:3)
  3 big kobolds (D:3)
  A giant frog (Lair:2)
  2 killer bees (D:9)
  9 river rats
  4 adders
  A bat (D:1)
  2 jackals (D:1)
  3 kobolds
  A goblin (D:1)
  A plant (Lair:3)
50 creatures vanquished.

Vanquished Creatures (others)
  2 black mamba zombies (Lair:3)
  A water moccasin zombie (Lair:2)
  A giant frog zombie (Lair:3)
  6 crimson imps (Lair:3)
  A basilisk zombie (Lair:2)
  A wasp zombie (Lair:3)
  An iguana (Lair:2)
  3 naga zombies (Lair:3)
  A crocodile zombie (Lair:3)
  A shadow imp (D:2)
  3 white imps
  7 river rat zombies
  8 fungi
  4 plants
  4 toadstools (D:1)
44 creatures vanquished.

Grand Total: 528 creatures vanquished

Notes
Turn   | Place    | Note
--------------------------------------------------------------
     0 | D:1      | faibistes, the Deep Elf Wizard, began the quest for the Orb.
     0 | D:1      | Reached XP level 1. HP: 10/10 MP: 6/6
   506 | D:2      | Reached XP level 2. HP: 12/15 MP: 7/10
   513 | D:1      | Reached skill level 5 in Spellcasting
   517 | D:1      | Learned a level 2 spell: Blink
   520 | D:1      | Learned a level 2 spell: Call Imp
  1430 | D:1      | Reached XP level 3. HP: 19/19 MP: 10/14
  1435 | D:1      | Learned a level 3 spell: Conjure Flame
  1439 | D:1      | Learned a level 3 spell: Mephitic Cloud
  1861 | D:2      | Noticed Jessica
  1866 | D:2      | Killed Jessica
  1881 | D:2      | Learned a level 2 spell: Repel Missiles
  2032 | D:2      | Reached XP level 4. HP: 15/24 MP: 9/17
  2272 | D:3      | Reached skill level 6 in Spellcasting
  2526 | D:3      | Reached XP level 5. HP: 28/28 MP: 16/20
  3029 | D:4      | Found a snail-covered altar of Cheibriados.
  3135 | D:3      | Noticed a big kobold
  3266 | D:2      | Killed a big kobold
  3801 | D:3      | Noticed a big kobold
  3801 | D:3      | Noticed a big kobold
  3850 | D:3      | Reached skill level 7 in Spellcasting
  3860 | D:3      | Killed a big kobold
  3860 | D:3      | Reached XP level 6. HP: 13/32 MP: 5/23
  4130 | D:3      | Killed a big kobold
  4294 | D:3      | Noticed a big kobold
  4296 | D:3      | Noticed a big kobold
  4306 | D:3      | Killed a big kobold
  4311 | D:3      | Noticed a big kobold
  4311 | D:3      | Killed a big kobold
  4311 | D:3      | Reached skill level 1 in Fighting
  4311 | D:3      | Reached skill level 1 in Evocations
  4327 | D:3      | Killed a big kobold
  4327 | D:3      | Reached XP level 7. HP: 20/38 MP: 7/25
  5455 | D:4      | Noticed an ogre
  5470 | D:4      | Killed an ogre
  5470 | D:4      | Reached skill level 8 in Spellcasting
  5658 | D:5      | Entered Level 5 of the Dungeon
  6058 | D:4      | Reached skill level 5 in Dodging
  6413 | D:4      | Found a staircase to the Ecumenical Temple.
  6420 | Temple   | Entered the Ecumenical Temple
  6547 | Temple   | Became a worshipper of Sif Muna the Loreminder
  6617 | D:4      | Found a radiant altar of Vehumet.
  6637 | D:4      | Reached XP level 8. HP: 37/45 MP: 11/27
  7202 | D:4      | Reached skill level 1 in Fire Magic
  7228 | D:4      | Noticed Crazy Yiuf
  7235 | D:4      | Killed Crazy Yiuf
  7365 | D:5      | Reached skill level 1 in Air Magic
  7379 | D:5      | Reached skill level 9 in Spellcasting
  7968 | D:5      | Reached skill level 1 in Poison Magic
  8031 | D:5      | Found Ycopaogein's Antique Armour Emporium.
  8177 | D:5      | Found a basalt altar of Yredelemnul.
  8221 | D:5      | Acquired Sif Muna's first power
  8975 | D:6      | Found a stormy altar of Qazlal.
  9331 | D:6      | Reached skill level 5 in Conjurations
  9455 | D:7      | Acquired Sif Muna's second power
  9455 | D:7      | Reached XP level 9. HP: 33/49 MP: 21/29
  9911 | D:7      | Found Oreot's Magic Scroll Shoppe.
  9920 | D:7      | Bought a scroll of blinking for 112 gold pieces
  9920 | D:7      | Bought a scroll of identify for 30 gold pieces
  9920 | D:7      | Bought a scroll of blinking for 112 gold pieces
  9920 | D:7      | Bought a scroll of teleportation for 45 gold pieces
  9922 | D:7      | Bought a scroll of teleportation for 45 gold pieces
  9922 | D:7      | Bought a scroll of enchant weapon for 112 gold pieces
 10697 | D:8      | Found a sacrificial altar of Ru.
 10697 | D:8      | Found a shadowy altar of Dithmenos.
 10697 | D:8      | Found a white marble altar of Elyvilon.
 10697 | D:8      | Found a shimmering altar of Xom.
 10697 | D:8      | Found a sparkling altar of Nemelex Xobeh.
 10697 | D:8      | Found an ancient bone altar of Kikubaaqudgha.
 10697 | D:8      | Found a burning altar of Makhleb.
 10890 | D:7      | Reached skill level 10 in Spellcasting
 11730 | D:8      | Reached skill level 1 in Charms
 11858 | D:8      | Reached skill level 1 in Invocations
 11946 | D:8      | Found a bloodstained altar of Trog.
 13164 | D:8      | Found a blossoming altar of Fedhas.
 13418 | D:8      | Reached XP level 10. HP: 55/55 MP: 8/31
 13722 | D:9      | Found a staircase to the Lair.
 13869 | D:9      | Noticed Grum
 13891 | D:9      | Killed Grum
 14040 | D:9      | Reached skill level 5 in Fire Magic
 14397 | D:10     | Entered Level 10 of the Dungeon
 14459 | D:9      | Got a heavily runed ruby amulet
 14696 | D:9      | Reached skill level 11 in Spellcasting
 14701 | D:9      | Acquired Sif Muna's third power
 15124 | D:9      | Learned a level 4 spell: Animate Dead
 15589 | D:9      | Reached skill level 5 in Charms
 15590 | D:9      | Reached skill level 1 in Necromancy
 16071 | Lair:1   | Entered Level 1 of the Lair of Beasts
 16413 | Lair:1   | Identified the amulet of Lonoleps {Stasis rF+ rC+ rN+ Int-4 Stlth-} (You took it off a kobold on level 9 of the Dungeon)
 16965 | D:8      | Reached XP level 11. HP: 60/60 MP: 26/33
 17250 | D:7      | Bought a scroll of identify for 30 gold pieces
 17250 | D:7      | Bought a scroll of enchant weapon for 112 gold pieces
 17250 | D:7      | Bought a scroll of fear for 52 gold pieces
 17662 | Lair:1   | Noticed a black mamba
 17669 | Lair:1   | Killed a black mamba
 17964 | Lair:1   | Noticed a six-headed hydra
 17978 | Lair:1   | Killed a six-headed hydra
 19081 | Lair:1   | Reached skill level 12 in Spellcasting
 19798 | Lair:2   | Reached skill level 5 in Invocations
 19852 | Lair:2   | Noticed a black mamba
 19872 | Lair:2   | Killed a black mamba
 20813 | Lair:2   | Reached skill level 5 in Evocations
 22578 | Lair:3   | Noticed a five-headed hydra
 22587 | Lair:3   | Killed a five-headed hydra
 22962 | Lair:3   | Reached XP level 12. HP: 66/66 MP: 31/35
 23168 | Lair:3   | Received a gift from Sif Muna
 23874 | Lair:3   | Found a staircase to the Snake Pit.
 24201 | Lair:3   | Reached skill level 5 in Translocations
 24845 | Lair:4   | Slain by a death yak

Action                   |  1- 3 |  4- 6 |  7- 9 | 10-12 || total
-------------------------+-------+-------+-------+-------++-------
Melee: Dagger            |     3 |     6 |    52 |   188 ||   249
 Cast: Magic Dart        |    94 |   138 |   653 |   520 ||  1405
       Call Imp          |     5 |     6 |       |    20 ||    31
       Mephitic Cloud    |     1 |    10 |    25 |    36 ||    72
       Repel Missiles    |     1 |     5 |       |       ||     6
       Blink             |       |     2 |     9 |    22 ||    33
       Conjure Flame     |       |     2 |    30 |    98 ||   130
       Animate Dead      |       |       |       |    34 ||    34
Evoke: Wand              |       |       |       |    10 ||    10
  Use: Scroll            |       |     2 |    13 |    14 ||    29
       Potion            |       |       |     2 |     3 ||     5
 Stab: Sleeping          |     1 |       |     3 |       ||     4
       Confused          |       |       |     4 |     6 ||    10
       Distracted        |       |       |       |     1 ||     1
  Eat: Chunk             |     3 |     6 |    26 |    29 ||    64
       Beef jerky        |       |       |     1 |     1 ||     2
       Fruit             |       |       |       |     4 ||     4
       Pizza             |       |       |       |     1 ||     1
       Royal jelly       |       |       |       |     1 ||     1
